 Dungeon Crawl Stone Soup version 0.27.1-34-g3ba077fa99 (webtiles) character file.

Game seed: 15276687078987573202

12 cbfl8 the Sneak (level 2, 0/27 HPs)
             Began as a Minotaur Delver on Jan 27, 2022.
             Slain by an adder (2 damage)
             ... on level 5 of the Dungeon.
             The game lasted 00:01:28 (328 turns).

cbfl8 the Sneak (Minotaur Delver)                    Turns: 328, Time: 00:01:29

Health: 0/27       AC:  3    Str: 16    XL:     2   Next: 20%
Magic:  1/1        EV: 11    Int:  7    God:
Gold:   13         SH:  0    Dex: 11    Spells: 1/1 levels left

rFire    . . .     SeeInvis .   a - +0 hand axe
rCold    . . .     Faith    .   (no shield)
rNeg     . . .     Spirit   .   b - +0 leather armour
rPois    .         Reflect  .   (helmet restricted)
rElec    .         Harm     .   (no cloak)
rCorr    .         Rampage  .   (no gloves)
Will     .....                  (no boots)
Stlth    ++........             (no amulet)
HPRegen  0.09/turn              (no ring)
MPRegen  0.07/turn              (no ring)

@: lethally poisoned (0 -> -2), hasted, very quick
A: horns 2, retaliatory headbutt
a: no special abilities


You were on level 5 of the Dungeon.
You visited 1 branch of the dungeon, and saw 1 of its levels.

You collected 13 gold pieces.

Inventory:

Hand Weapons
 a - a +0 hand axe (weapon)
 h - a +0 hunting sling
Armour
 b - a +0 leather armour (worn)
Wands
 g - a wand of digging (3)
Scrolls
 c - a scroll of fog
 e - a scroll of fear


   Skills:
 + Level 3.8 Fighting
 + Level 2.5 Axes
 + Level 2.2 Dodging
 + Level 4.4 Stealth


You had one spell level left.
You didn't know any spells.
Your spell library was empty.

Dungeon Overview and Level Annotations

Branches:
Dungeon (5/15)
 Temple: D:4-7

Altars:
Fedhas

Annotations:
D:5 exclusion: oklob plant


Innate Abilities, Weirdness & Mutations

You have a pair of horns on your head.
You reflexively headbutt those who attack you in melee.


Message History

The slug dart hits you.
You feel yourself speed up.
A dart slug comes into view.
Found a scroll labelled CAALIE ETOEK.
A dart slug comes into view.
An adder comes into view.
Found 16 stones.
You enter the shallow water.
Moving in this stuff is going to be slow.
Found 15 gold pieces.
Found a stone staircase leading up.
The adder hisses angrily.
The dart slug launches a dart at you. The slug dart hits you.
The dart slug launches a dart at you. The slug dart hits you.
The dart slug launches a dart at you. The slug dart hits you.
The adder closely misses you.
Found 17 stones.
The adder barely misses you. You furiously retaliate!
You headbutt the adder, but do no damage.
You closely miss the adder. The adder bites you.
You are poisoned.
The adder poisons you!
You miss the adder. x2; You feel sick. The adder bites you but does no damage.
The adder bites you.
* * * LOW HITPOINT WARNING * * *
The adder bites you.
* * * LOW HITPOINT WARNING * * *
You closely miss the adder. You headbutt the adder.
The adder is moderately wounded.
You hit the dart slug. You barely miss the adder.
* * * LOW HITPOINT WARNING * * *
You feel sick. The adder bites you.
* * * LOW HITPOINT WARNING * * *
The adder closely misses you.
You slash the adder!
The adder is almost dead.
You hit the dart slug. You miss the adder.
* * * LOW HITPOINT WARNING * * *
You feel sick. The adder bites you.
You die...

,** **,**≈≈,≈≈,,,,**,,,*,*
,,*****,≈#≈≈≈≈≈...##..#*,*
*,,,**≈≈≈≈≈≈≈≈≈≈≈.....#*,*
*,*,*≈≈≈≈≈≈≈≈≈≈≈w#....#*,*
*,**,≈≈≈*≈≈≈≈≈≈≈≈≈.#..#*,*
*,**≈≈≈≈*≈≈≈≈≈≈#≈≈≈#..#*,#
*,***≈≈≈≈≈≈≈≈≈≈≈≈≈≈#..##.#
*,,≈≈≈,<≈≈.$.≈≈.w≈≈≈.....#
*,,,≈≈,,,(8<.?.S@S≈...######
*,**≈≈,≈≈≈..(≈.8.≈#≈.......#
*,*≈≈≈≈,≈≈≈≈≈≈≈≈≈≈≈≈.#####.#
*,,**≈≈≈≈≈≈≈≈≈≈≈≈≈≈#.# #.#
**,,,≈≈≈≈≈≈≈≈≈###≈.#.# #.#
*,,*≈≈≈≈≈≈≈≈≈≈≈≈≈#..# #.#
**,****≈≈≈≈≈≈≈≈≈≈##..#####.#
,,,****,≈≈≈≈≈≈≈.#.....w..w.#
,,,,**,*,≈≈,s≈#...#.#.######


You could see 2 adders and 2 dart slugs.

Vanquished Creatures
  A hound skeleton (D:5)
1 creature vanquished.

Vanquished Creatures (others)
  11 fungi (D:5)
  23 plants (D:5)
34 creatures vanquished.

Grand Total: 35 creatures vanquished

Notes
Turn   | Place    | Note
-------+----------+-------------------------------------------
     0 | D:5      | cbfl8 the Minotaur Delver began the quest for the Orb.
     0 | D:5      | Reached XP level 1. HP: 19/19 MP: 0/0
    44 | D:5      | Reached XP level 2. HP: 25/27 MP: 1/1
    62 | D:5      | Found a blossoming altar of Fedhas.
    88 | D:5      | Noticed an oklob plant
   292 | D:5      | Noticed a scorpion
   328 | D:5      | Slain by an adder

Illustrated notes

Levels and vault maps discovered:
D:5:      kennysheep_slugbush, layout_basic, tgw_fedhas, enter_ossuary_2,
          minmay_manual_mail, uniq_duvessa

Action                   || total
-------------------------++-------
Melee: Hand axe          ||    76
       Headbutt          ||    26
  Use: Scroll            ||     1
       Potion            ||     1
Armor: Leather armour    ||     4
Dodge: Dodged            ||     7
